 Dungeon Crawl Stone Soup version 0.30-a0-341-g682706514a (webtiles) character file.

Game seed: 14383799150765132868

236 Devinter the Sneak (level 6, -2/49 HPs)
             Began as a Naga Fire Elementalist on Nov 3, 2022.
             Was a Follower of Nemelex Xobeh.
             Slain by a kobold
             ... wielding a +0 short sword
              (3 damage)
             ... on level 3 of the Dungeon.
             The game lasted 00:15:50 (2505 turns).

Devinter the Sneak (Naga Fire Elementalist)         Turns: 2505, Time: 00:15:52

Health: -2/49      AC:  4    Str:  9 (11) XL:     6   Next: 6%
Magic:  3/10       EV:  9    Int: 16 (17) God:    Nemelex Xobeh [*.....]
Gold:   166        SH:  0    Dex:  8 (11) Spells: 7/10 levels left

rFire   . . .      SeeInvis +    e - +1 dagger (venom)
rCold   . . .      Faith    .    (no shield)
rNeg    . . .      Spirit   .    a - +0 robe
rPois   +          Reflect  .    (no helmet)
rElec   .          Harm     .    (no cloak)
rCorr   .          Rampage  .    s - +0 pair of gloves
Will    +....                    (no barding)
Stlth   ++........               (no amulet)
HPRegen 0.28/turn                y - ring of willpower
MPRegen 0.12/turn                (no ring)

@: attractive, very slightly contaminated, very slow
A: AC +2, large, see invisible, deformed body, poison resistance, slowness 2,
spit poison 1, naga tail 1
a: Spit Poison, Renounce Religion, Draw Escape, Draw Destruction, Draw Summoning


You were on level 3 of the Dungeon.
You worshipped Nemelex Xobeh.
Nemelex Xobeh was aware of your devotion.
You visited 1 branch of the dungeon, and saw 3 of its levels.

You collected 166 gold pieces.

Inventory:

Hand Weapons
 c - a +0 short sword
 e - a +1 dagger of venom (weapon)
 p - a +0 great sword
 v - a +6 whip of venom
 w - the +5 mace "Globulus" {speed, Stlth+}
   (You found it on level 3 of the Dungeon)

   Attacks with this weapon are significantly faster.
   Stlth:     It makes you more stealthy.
Missiles
 k - 2 poisoned darts
Armour
 a - a +0 robe (worn)
 o - a +1 chain mail of fire resistance
 s - a +0 pair of gloves (worn)
Jewellery
 y - a ring of willpower (left hand)
Scrolls
 d - 2 scrolls of noise {unknown}
 h - 2 scrolls of identify {unknown}
 i - a scroll of poison {unknown}
 l - 2 scrolls of teleportation {unknown}
 m - 2 scrolls of magic mapping {unknown}
 n - a scroll of enchant weapon {unknown}
 r - a scroll of enchant armour {unknown}
 u - a scroll of immolation {unknown}
Potions
 b - a potion of magic
 f - a potion of might {unknown}
 j - 2 potions of degeneration
 q - a potion of lignification {unknown}
 t - a potion of curing {unknown}
 x - a potion of brilliance {unknown}


   Skills:
 + Level 2.1 Short Blades
 + Level 0.2 Throwing
 - Level 2.0 Dodging
 + Level 4.9 Stealth
 + Level 2.9 Spellcasting
 + Level 2.4 Conjurations
 + Level 3.8 Fire Magic
 + Level 0.5 Invocations


You had 7 spell levels left.
You knew the following spells:

 Your Spells              Type           Power      Damage    Failure   Level
a - Foxfire               Conj/Fire      48%        2x1d6     5%          1
b - Scorch                Fire           28%        2d6       6%          2

Your spell library contained the following spells:

 Spells                   Type           Power      Damage    Failure   Level
 Slow                     Hex            8%         N/A       19%         1
 Inner Flame              Hex/Fire       8%         N/A       26%         3
 Kindle Blastsparks       Fire/Tloc/Air  12%        2d11      32%         3
 Flame Wave               Conj/Fire      12%        2d6       45%         4
 Confusing Touch          Hex            2%         N/A       50%         3
 Vampiric Draining        Necr           2%         2d6       50%         3


Dungeon Overview and Level Annotations

Branches:
Dungeon (3/15)

Altars:
Nemelex Xobeh

Annotations:
D:3 1 transporter, benitares's ghost, amateur KoHu


Innate Abilities, Weirdness & Mutations

Your serpentine skin is tough. (AC +2)
You have supernaturally acute eyesight. (SInv)
Armour fits poorly on your strangely shaped body.
Your system is resistant to poisons. (rPois)
You cover ground very slowly.
You can spit poison.
You have a snake-like lower body.


Message History

You conjure some foxfire!
Benitares's ghost hits you but does no damage.
The kobold hits you with a +0 short sword.
You hit the kobold.
The kobold is poisoned.
The kobold is moderately wounded.
The foxfire hits benitares's ghost.
Benitares's ghost is lightly damaged.
The foxfire hits benitares's ghost.
Benitares's ghost is moderately damaged.
Benitares's ghost hits you.
The kobold hits you with a +0 short sword.
Casting: Foxfire (safe; 4% risk of failure)
Confirm with . or Enter, or press ? or * to list all spells.
You conjure some foxfire!
* * * LOW MAGIC WARNING * * *
Benitares's ghost barely misses you.
The kobold hits you with a +0 short sword.
You closely miss the kobold.
The kobold is severely wounded.
The foxfire hits benitares's ghost.
Benitares's ghost is moderately damaged.
The foxfire hits benitares's ghost but does no damage.
Benitares's ghost is moderately damaged.
Benitares's ghost hits you!
* * * LOW HITPOINT WARNING * * *
The kobold hits you with a +0 short sword.
* * * LOW HITPOINT WARNING * * *
It was a potion of degeneration.
There was something very wrong with that liquid.
You feel weakened.
You feel dopey.
You feel clumsy. Benitares's ghost hits you.
* * * LOW HITPOINT WARNING * * *
The kobold hits you but does no damage.
It was a potion of attraction.
You feel attractive to monsters. Benitares's ghost hits you.
* * * LOW HITPOINT WARNING * * *
The kobold hits you with a +0 short sword.
You die...
Your body disappears without a glow.

#.### ##.......######.# #....
..#.## ##.............#.# #####
...#.# #.......©........# ##
.....# #...#########....# #.
.##..# #..##8.?...8##...#######(
.##..# #..#©........#(..........
..#..# #..#.##...##.#..########.
##...####..#.##.§.##.#..# #.
##........#....@....#..# ##
#.##.....#.##†WK##.#..#
##.##.##..#.##...##.#..#########
##..##.##..#.........#..##.......
>...##.##..##8.....8##.....######
##.###.#....#########...####
#..............©.......#########
##.##..#............(....<.......
...##.......=.......###########.#


You could see benitares's ghost and a kobold (poisoned).

Vanquished Creatures
  Natasha (thrice) (D:3)
  Robin (D:3)
  4 adders
  A shadow imp (D:3)
  A worm (D:2)
  5 dart slugs
  An orc (D:3)
  8 bats
  8 endoplasms
  A giant cockroach (D:2)
  12 hobgoblins
  6 jackals (D:2)
  4 quokkas
  6 ball pythons
  3 frilled lizards
  13 goblins
  5 kobolds
  5 rats
87 creatures vanquished.

Vanquished Creatures (others)
  88 foxfires
88 creatures vanquished.

Grand Total: 175 creatures vanquished

Notes
Turn   | Place    | Note
-------+----------+-------------------------------------------
     0 | D:1      | Devinter the Naga Fire Elementalist began the quest for the
                  | Orb.
     0 | D:1      | Reached XP level 1. HP: 15/15 MP: 3/3
   217 | D:1      | Reached XP level 2. HP: 22/22 MP: 1/5
   571 | D:1      | Reached XP level 3. HP: 27/28 MP: 4/6
   809 | D:2      | Reached skill level 1 in Short Blades
   954 | D:2      | Learned a level 2 spell: Scorch
  1043 | D:2      | Reached skill level 2 in Dodging
  1052 | D:2      | Reached XP level 4. HP: 30/36 MP: 2/7
  1129 | D:2      | Reached skill level 4 in Stealth
  1397 | D:3      | Found a transporter.
  1397 | D:3      | Noticed benitares's ghost (amateur KoHu)
  1521 | D:3      | Found a transporter.
  1579 | D:3      | Noticed Robin
  1584 | D:3      | Reached skill level 2 in Conjurations
  1602 | D:3      | Killed Robin
  1603 | D:3      | Reached XP level 5. HP: 24/42 MP: 2/8
  1745 | D:3      | Identified the +5 mace "Globulus" {speed, Stlth+}
  1846 | D:3      | Noticed Natasha
  1873 | D:3      | Killed Natasha
  2065 | D:3      | Noticed Natasha
  2077 | D:3      | Killed Natasha
  2078 | D:3      | Reached skill level 2 in Short Blades
  2149 | D:3      | Found a faded altar of an unknown god.
  2155 | D:3      | Prayed at the altar of an unknown god.
  2155 | D:3      | Became a worshipper of Nemelex Xobeh the Trickster
  2155 | D:3      | Reached * piety under Nemelex Xobeh
  2155 | D:3      | Received a gift from Nemelex Xobeh
  2296 | D:3      | Noticed Natasha
  2305 | D:3      | Killed Natasha
  2306 | D:3      | Reached XP level 6. HP: 15/49 MP: 1/10
  2504 | D:3      | HP: 4/49 [benitares's ghost (4)]
  2505 | D:3      | HP: 1/49 [benitares's ghost (4)]
  2505 | D:3      | Slain by a kobold

Illustrated notes

Levels and vault maps discovered:
D:1:      dpeg_arrival_concentric_ovals, layout_basic
D:2:      layout_loops_ring
D:3:      layout_loops_ring, dreamdust_ecumenical_altar_angels_and_demons,
          gammafunk_ghost_arena, uniq_robin, uniq_natasha

Skill      XL: |  1  2  3  4  5 |
---------------+----------------+-----
Short Blades   | 1 2 |  2.1
Dodging        | 2 |  2.0
Stealth        | 4 |  4.9
Conjurations   | 2 |  2.4
Throwing       | |  0.2
Spellcasting   | |  2.9
Fire Magic     | |  3.8
Invocations    | |  0.5

Action                   |  1- 3 |  4- 6 || total
-------------------------+-------+-------++-------
Melee: Dagger            |    89 |    91 ||   180
       Short sword       |     3 |       ||     3
       Punch             |     1 |       ||     1
 Cast: Foxfire           |    19 |    29 ||    48
       Scorch            |     2 |    12 ||    14
  Use: Potion            |       |     2 ||     2
 Stab: Sleeping          |     1 |     7 ||     8
Armor: Robe              |    18 |    29 ||    47
Dodge: Dodged            |    54 |    48 ||   102

Table legend: (Time is in decaauts)
 A = Elapsed time spent in this place.
 B = Non-inter-level travel time spent in this place.
 C = Inter-level travel time spent in this place.
 D = Time resting spent in this place.
 E = Time spent auto-exploring this place.
 F = Levels seen in this place.
 G = Mean time per level.
                   A        B        C        D        E       F      G
               +--------+--------+--------+--------+--------+-----+--------+
         Total |   3142 |   3050 |     92 |    501 |    642 |   3 | 1047.3 |
       Dungeon |   3142 |   3050 |     92 |    501 |    642 |   3 | 1047.3 |
               +--------+--------+--------+--------+--------+-----+--------+

Top non-repeatable levels by time:
     D:3: 1325 daAuts
     D:1: 1000 daAuts
     D:2: 816 daAuts
